 Dungeon Crawl Stone Soup version 0.26-a0-597-gb535b0901c (webtiles) character file.

Game seed: 17414559270872346341

20 Alarkh the Skirmisher (level 2, 24/24 HPs)
             Began as a Demonspawn Fighter on Sept 6, 2020.
             Got out of the dungeon alive.
             The game lasted 00:00:37 (867 turns).

Alarkh the Skirmisher (Demonspawn Fighter)           Turns: 867, Time: 00:00:38

Health: 24/24      AC:  6    Str: 16    XL:     2   Next: 58%
Magic:  2/2        EV:  6    Int:  9    God:
Gold:   101        SH:  8    Dex: 12    Spells: 1/1 levels left

rFire    . . .     SeeInvis .     - Unarmed
rCold    . . .     Faith    .   b - +0 kite shield
rNeg     . . .     Spirit   .   a - +0 scale mail
rPois    .         Reflect  .   (no helmet)
rElec    .         Harm     .   (no cloak)
rCorr    .                      (no gloves)
MR       .....                  (no boots)
Stlth    ..........             (no amulet)
HPRegen  0.08/turn              (no ring)
MPRegen  0.08/turn              (no ring)

@: no status effects
A: talons 1
a: no special abilities


You escaped.
You visited 1 branch of the dungeon, and saw 1 of its levels.

You collected 101 gold pieces.

Inventory:

Armour
 a - a +0 scale mail (worn)
 b - a +0 kite shield (worn)
Jewellery
 d - an uncursed ring of stealth {unknown}
Scrolls
 f - 2 scrolls of identify {unknown}
 g - a scroll of remove curse {unknown}
Potions
 c - a potion of might
 e - a potion of mutation {unknown}


   Skills:
 + Level 3.2 Fighting
 - Level 2.6 Armour
 + Level 2.9 Shields
 * Level 2.4 Unarmed Combat


You had one spell level left.
You didn't know any spells.
Your spell library was empty.

Dungeon Overview and Level Annotations

Branches:
Dungeon (1/15)

Altars:


Innate Abilities, Weirdness & Mutations

You have sharp toenails.


Message History

No target in view!
Found an escape hatch in the floor.
Found 29 stones.
You see here 29 stones.
You see here 29 stones.
Found 13 stones.
Found a stone staircase leading down.
g - a scroll labeled VOREZX WUDOLO You open the door.
There is an open door here.
You now have 87 gold pieces (gained 12).
You now have 101 gold pieces (gained 14).
Done exploring.
Done exploring.
Done exploring.
There is an open door here.
There is an empty arch of ancient stone here.
There is a staircase leading out of the dungeon here.
Are you sure you want to leave the Dungeon?
This will make you lose the game!
You have escaped!

#.########.# ######.###.#
#........#.###.♣.♣♣..§#.#
#..#.###.#.#○♣.♣♣..♣§##.#
.....# #.#.8§♣♣.♣♣♣♣§§#.#
.....# #...♣♣..⌠.⌠.§♣§#.#
#.##.# ####.♣♣⌠...⌠♣♣§#.#
#.##.# #.♣.⌠..∩..⌠.♣♣.#
#.##.# #♣.⌠.......⌠♣..#
#.##.# #♣♣..∩.@.∩...♣.#
#.##.#
#..°.......⌠.♣.########
#.##.#
#♣♣♣⌠..∩.§§♣♣.........#
#.##†#
#♣..°...§♣§.########.#
#.##.# #.♣♣♣☼§§○.♣8# #.#
#.##.# #☼.♣♣☼§♣♣♣§§# #.#
..##.# ##♣☼§♣§..♣♣## #.#
..##.# #.##♣♣.♣♣# #.#
..##.# #.#....# #.#


There were no monsters in sight!

Vanquished Creatures
  A dart slug (D:1)
  A ball python (D:1)
  A giant cockroach (D:1)
  3 hobgoblins (D:1)
  2 jackals (D:1)
  3 bats (D:1)
  A frilled lizard (D:1)
  A goblin (D:1)
  A kobold (D:1)
  4 rats (D:1)
18 creatures vanquished.

Notes
Turn   | Place    | Note
-------+----------+-------------------------------------------
     0 | D:1      | Alarkh the Demonspawn Fighter began the quest for the Orb.
     0 | D:1      | Reached XP level 1. HP: 18/18 MP: 1/1
   255 | D:1      | Gained mutation: You have sharp toenails. [demonic
                  | ancestry]
   255 | D:1      | Reached XP level 2. HP: 24/24 MP: 2/2
   867 | D:$      | Got out of the dungeon alive.

Illustrated notes

Levels and vault maps discovered:
D:1:      heliophobic_arrival_enchanted_forest, layout_basic,
          minmay_misc_feat_square

Skill      XL: |  1 |
---------------+----+-----
Unarmed Combat | 2 |  2.4
Fighting       | |  3.2
Armour         | |  2.6
Shields        | |  2.9

Action                   || total
-------------------------++-------
Melee: Unarmed           ||    71
       Kick              ||     7
Armor: Scale mail        ||    37
Dodge: Dodged            ||    25
Block: Kite shield       ||    39

Table legend: (Time is in decaauts)
 A = Elapsed time spent in this place.
 B = Non-inter-level travel time spent in this place.
 C = Inter-level travel time spent in this place.
 D = Time resting spent in this place.
 E = Time spent auto-exploring this place.
 F = Levels seen in this place.
 G = Mean time per level.
                   A        B        C        D        E       F      G
               +--------+--------+--------+--------+--------+-----+--------+
         Total |    870 |    818 |     52 |      0 |    693 |   1 |  870.0 |
       Dungeon |    870 |    818 |     52 |      0 |    693 |   1 |  870.0 |
               +--------+--------+--------+--------+--------+-----+--------+

Top non-repeatable levels by time:
     D:1: 870 daAuts
